Map: Lost and Found LE

Players

LiquidTLO (TLO) - Winner!

  • Race: Zerg Zerg
  • Spawn Location: 1:00

JieShi

  • Race: Protoss Protoss
  • Spawn Location: 7:00

Event: WCS Austin 2018

VOD

Have the link to the VOD?

Description

Time

  • Played on: June 1, 2018, 10:41 p.m.
  • Length: 8:29

All games in this series

Show
View Real Time Build Order
Export as new Build Order

LiquidTLO Zerg - Winner!

Build Orders: Hatch First 

Get SALT Encoding   

  12  0:00  Drone  
  13  0:08  Drone  
  14  0:16  Overlord  
  14  0:35  Drone x2  
  16  0:47  Hatchery  
  15  0:51  Drone  
  15  0:55  Drone  
  17  1:00  Drone  
  18  1:05  Extractor  
  17  1:13  Spawning Pool  
  17  1:17  Drone  
  17  1:20  Drone  
  18  1:29  Drone  
  19  1:39  Drone  
  20  1:50  Drone  
  21  2:00  Queen  
  21  2:01  Overlord, Queen  
  25  2:02  Zergling x2  
  26  2:17  Hatchery  
  26  2:21  Metabolic Boost  
  25  2:25  Drone  
  25  2:28  Drone  
  27  2:31  Drone  
  27  2:32  Drone  
  29  2:41  Queen  
  31  2:46  Overlord  
  31  2:53  Drone  
  31  2:54  Drone x2  
  31  2:56  Drone  
  34  2:59  Overlord  
  34  3:06  Zergling x4  
  34  3:09  Drone  
  34  3:10  Drone  
  38  3:14  Queen  
  40  3:21  Overlord  
  40  3:22  Zergling x2  
  40  3:24  Drone  
  40  3:26  Drone  
  43  3:29  Zergling x2  
  43  3:31  Drone  
  43  3:34  Spore Crawler  
  44  3:36  Drone  
  44  3:37  Spore Crawler  
  44  3:39  Drone  
  44  3:41  Zergling x2  
  46  3:42  Drone  
  46  3:45  Spore Crawler  
  46  3:48  Drone  
  47  3:49  Drone  
  47  3:52  Drone x2  
  50  3:57  Drone  
  52  4:02  Drone  
  52  4:03  Drone x3  
  52  4:04  Drone  
  52  4:05  Drone  
  57  4:13  Overlord, Drone  
  57  4:16  Lair  
  58  4:19  Drone  
  58  4:20  Drone  
  58  4:25  Overlord  
  58  4:26  Zergling x4, Extractor  
  58  4:28  Drone  
  60  4:33  Roach Warren  
  60  4:36  Drone  
  60  4:37  Drone  
  62  4:38  Drone  
  62  4:39  Drone  
  62  4:40  Drone  
  62  4:45  Drone x2  
  65  4:47  Drone  
  65  4:49  Drone  
  65  4:50  Drone x3  
  68  4:53  Drone  
  68  4:54  Evolution Chamber  
  68  4:57  Drone  
  68  4:58  Drone, Extractor x2  
  68  4:59  Drone  
  70  5:00  Drone  
  70  5:01  Drone  
  70  5:02  Drone  
  72  5:08  Overlord  
  72  5:09  Overlord, Extractor  
  72  5:13  Overlord  
  71  5:15  Glial Reconstitution  
  71  5:18  Roach  
  71  5:20  Overlord  
  73  5:22  Overlord  
  73  5:26  Zerg Missile Weapons Level 1  
  73  5:28  Roach x2  
  77  5:29  Roach  
  77  5:31  Roach  
  77  5:32  Roach  
  77  5:35  Queen  
  80  5:39  Roach x2  
  80  5:41  Roach  
  87  5:44  Overlord  
  87  5:45  Roach  
  87  5:47  Roach  
  87  5:48  Roach  
  87  5:49  Drone  
  94  5:50  Drone  
  94  5:53  Roach  
  94  5:54  Roach  
  94  5:56  Roach  
  101  5:58  Roach  
  101  5:59  Roach  
  101  6:02  Drone  
  105  6:04  Roach  
  105  6:06  Overlord, Roach  
  105  6:08  Pneumatized Carapace  
  105  6:11  Overseer  
  109  6:13  Roach  
  109  6:15  Roach  
  109  6:17  Roach x2  
  117  6:19  Roach  
  117  6:21  Roach  
  117  6:23  Overlord  
  117  6:24  Overlord  
  121  6:27  Roach  
  121  6:30  Roach  
  125  6:32  Roach  
  125  6:34  Roach  
  125  6:37  Ravager  
  125  6:38  Ravager  
  129  6:42  Roach  
  129  6:46  Roach  
  133  6:48  Roach  
  133  6:49  Roach  
  133  6:51  Roach  
  133  6:53  Roach  
  141  6:56  Roach  
  141  6:58  Roach  
  141  7:00  Overlord x2  
  145  7:10  Overlord x3  
  145  7:17  Queen x2  
  145  7:19  Roach  
  145  7:21  Roach x2  
  157  7:23  Roach x3  
  157  7:26  Roach  
  157  7:27  Roach  
  161  7:32  Roach  
  161  7:33  Roach  
  161  7:38  Roach x2  
  161  7:39  Roach  
  161  7:40  Roach  
  161  7:41  Roach  
  163  7:48  Roach  
  163  7:50  Roach x2, Queen  
  149  7:56  Roach  
  149  7:58  Roach  
  151  8:04  Roach, Hydralisk Den  
  154  8:08  Roach  
  154  8:10  Roach  
Show
View Real Time Build Order
Export as new Build Order

JieShi Protoss 

Build Orders: 1 Gate Expand, Oracle Opening, Phoenix Opening, Archon Immortal, Zealot Archon, Archon Drop 

Get SALT Encoding   

  12  0:00  Probe  
  13  0:12  Probe  
  14  0:19  Pylon  
  14  0:24  Probe  
  15  0:33  Probe  
  15  0:38  Gateway  
  15  0:41  Probe  
  16  0:47  Assimilator  
  17  0:52  Probe  
  18  1:04  Probe  
  19  1:16  Probe  
  20  1:23  Nexus  
  20  1:32  Cybernetics Core  
  20  1:35  Probe  
  21  1:40  Assimilator  
  21  1:47  Probe  
  21  1:50  Pylon  
  22  1:59  Probe  
  22  2:00  Adept  
  23  2:11  Probe  
  26  2:17  Stargate  
  26  2:20  Adept  
  26  2:23  Probe  
  26  2:26  Warp Gate  
  29  2:31  Probe  
  29  2:35  Probe  
  31  2:39  Probe  
  32  2:47  Probe  
  32  2:50  Probe  
  33  2:52  Oracle  
  34  2:59  Probe  
  34  3:02  Probe  
  39  3:11  Probe  
  40  3:14  Probe  
  40  3:15  Pylon  
  40  3:18  Gateway  
  41  3:25  Probe  
  41  3:26  Probe  
  43  3:29  Phoenix  
  45  3:35  Assimilator  
  45  3:36  Probe  
  45  3:37  Assimilator, Probe  
  47  3:41  Robotics Facility  
  47  3:44  Probe  
  47  3:46  Pylon  
  48  3:49  Probe  
  48  3:52  Probe  
  49  3:56  Twilight Council  
  49  4:01  Probe  
  51  4:04  Probe  
  52  4:13  Probe  
  52  4:14  Gateway  
  52  4:15  Gateway  
  52  4:16  Probe  
  54  4:19  Warp Prism  
  54  4:25  Probe  
  57  4:32  Templar Archives  
  57  4:38  Zealot  
  59  4:41  Pylon  
  59  4:44  Pylon  
  59  4:47  Probe x2  
  58  4:58  Nexus  
  58  5:02  Pylon  
  58  5:16  High Templar x4  
  58  5:21  Charge  
  66  5:26  Archon  
  66  5:28  Archon  
  66  5:36  Immortal  
  66  5:39  Forge  
  66  5:43  Gateway  
  66  5:44  Gateway  
  66  5:47  Gateway  
  66  5:49  Shield Battery x2, Probe x2  
  72  5:50  Gateway  
  72  6:03  Probe  
  72  6:04  Probe  
  74  6:06  Protoss Ground Weapons Level 1, Pylon  
  74  6:08  Sentry  
  74  6:09  Observer  
  76  6:13  Probe  
  76  6:15  Probe  
  79  6:20  Immortal  
  79  6:21  Pylon  
  79  6:30  Probe  
  84  6:33  Zealot x2, Photon Cannon  
  84  6:34  Zealot x2  
  92  6:41  High Templar x2  
  96  6:47  Probe  
  96  6:51  Archon  
  96  6:54  Zealot x4, Sentry  
  99  6:56  Probe  
  99  7:00  Immortal  
  108  7:01  Shield Battery  
  108  7:03  Shield Battery  
  108  7:06  Pylon  
  108  7:08  Probe  
  113  7:15  Zealot x2  
  117  7:19  Pylon  
  117  7:20  Pylon  
  115  7:29  Zealot x2  
  103  7:31  Probe  
  103  7:35  Zealot  
  98  7:37  Zealot  
  80  7:48  Immortal, Pylon  
  80  7:49  Probe  
  80  7:51  Zealot x2  
  75  7:52  Pylon, Probe  
  75  7:54  Pylon  
  75  7:57  Pylon  
  67  8:01  Probe  
  64  8:13  Probe  
  64  8:14  Zealot x2  
  64  8:15  Zealot  
Tags
 
Add a new tag
Caveats
  • Supply blocks, unpowered buildings, or Contaminate may cause inaccurate times.
  • Supply counts are checked every 10 seconds.